 Dungeon Crawl Stone Soup version 0.18.1-48-g4cf74bf (webtiles) character file.

100 Lennu the Firebug (level 4, 0/38 HPs)
             Began as a Naga Fire Elementalist on June 29, 2016.
             Killed from afar by Natasha (7 damage)
             ... with a magic dart
             ... on level 2 of the Dungeon.
             The game lasted 00:10:59 (1742 turns).

Lennu the Firebug (Naga Fire Elementalist)          Turns: 1742, Time: 00:11:00

Health: 0/38       AC:  3    Str: 12    XL:     4   Next: 74%
Magic:  1/7        EV: 10    Int: 16    God:
Gold:   83         SH:  0    Dex: 12    Spells: 1 memorised, 6 levels left

rFire  . . .     SeeInvis +     d - +0 short sword
rCold  . . .     Gourm    .     a - +0 robe
rNeg   . . .     Faith    .     (no shield)
rPois  +         Spirit   .     (no helmet)
rElec  .         Dismiss  .     (no cloak)
rCorr  +         Reflect  .     (no gloves)
SustAt .         Harm     .     (no barding)
MR     .....                    (no amulet)
Stlth  ++........               (no ring)
                                e - ring of resist corrosion

@: very slightly contaminated, very slow, not resistant to hostile enchantments,
unstealthy
A: see invisible, deformed body, poison resistance, shaggy fur 1, slowness 2,
slow metabolism 1, spit poison 2, strong 1, AC +1
a: Spit Poison


You were on level 2 of the Dungeon.
You were not hungry.

You visited 1 branch of the dungeon, and saw 2 of its levels.

You collected 83 gold pieces.

Inventory:

Hand Weapons
 d - a +0 short sword (weapon)
 h - a +0 hand axe
 l - a +0 club
Armour
 a - a +0 robe (worn)
 f - a +1 ring mail of positive energy
Jewellery
 e - a ring of resist corrosion (left hand)
 i - an uncursed ring of ice
Scrolls
 n - a scroll of random uselessness {unknown}
Potions
 g - a potion of heal wounds {unknown}
 j - a potion of haste {unknown}
 m - a potion of curing
Books
 b - a book of Flames

   Spells                             Type                      Level
   a - Flame Tongue                   Conjuration/Fire             1
   b - Throw Flame                    Conjuration/Fire             2
   c - Conjure Flame                  Conjuration/Fire             3
   d - Inner Flame                    Hexes/Fire                   3
   e - Sticky Flame                   Conjuration/Fire             4
   f - Fireball                       Conjuration/Fire             5
Comestibles
 c - 2 bread rations
 k - a chunk of flesh


   Skills:
 * Level 1.3 Fighting
 * Level 0.7 Armour
 * Level 2.0 Dodging
 - Level 3.0 Stealth
 + Level 2.2 Spellcasting
 * Level 1.8 Conjurations
 * Level 4.0 Fire Magic


You had 6 spell levels left.
You knew the following spells:

 Your Spells              Type           Power        Failure   Level  Hunger
a - Flame Tongue          Conj/Fire      ##...        10%         1    #......


Dungeon Overview and Level Annotations

Branches:
Dungeon (2/15)

Altars:

Annotations:
D:2 Natasha


Innate Abilities, Weirdness & Mutations

You cannot wear boots.
Your serpentine skin is tough (AC +1).
You have supernaturally acute eyesight.
Armour fits poorly on your strangely shaped body.
Your system is resistant to poisons.
You cover ground very slowly.
You have a slow metabolism.
You can spit poison.
You are covered in fur (AC +1).
Your muscles are strong. (Str +2)


Message History

Press: ? - help, Shift-Dir - straight line, f/p - Natasha
Aim: Natasha (severely wounded)
The flame tongue hits Natasha.
You kill Natasha!
Natasha screams in pain as she dies!
Your Dodging skill increases to level 2!
Your Fire Magic skill increases to level 4!
The shadow imp disappears in a puff of smoke!
You see here the felid corpse of Natasha.
You butcher the felid corpse of Natasha.
k - a chunk of flesh You see here the felid skeleton of Natasha.
Natasha, Servant of Life and Death comes into view.
Press: ? - help, Shift-Dir - straight line, f - you Really target yourself?
Okay, then.
Natasha hisses angrily.
Natasha casts a spell at you. The magic dart hits you!
You die...

#..# #..# #..# #..#
######### #..#
........# #..#
#.#########..#
#...รท..)h>...#
#.@########..######
#....#......[......
##.#.#.##.#...#####
#.#.#....(.......#
#.#.#.##.#...###.#
#.#.#.##.#...# #
#.#.#.##.....###.#
#.#.#.##.#[.......
#.#......#...#####


You could see Natasha.

Vanquished Creatures
  Natasha (D:2)
  2 adders (D:2)
  3 worms (D:2)
  2 dart slugs (D:1)
  A giant gecko (D:1)
  3 giant cockroaches
  6 goblins
  6 hobgoblins
  3 jackals (D:1)
  4 kobolds
  5 bats
  4 giant newts
  4 rats
44 creatures vanquished.

Notes
Turn   | Place    | Note
--------------------------------------------------------------
     0 | D:1      | Lennu the Naga Fire Elementalist began the quest for the Orb.
     0 | D:1      | Reached XP level 1. HP: 15/15 MP: 3/3
   128 | D:1      | Reached XP level 2. HP: 22/22 MP: 3/5
   707 | D:1      | Reached XP level 3. HP: 22/28 MP: 6/6
  1185 | D:1      | Gained mutation: Your muscles are strong. (Str +2) [potion of beneficial mutation]
  1186 | D:1      | Gained mutation: You are covered in fur (AC +1). [potion of beneficial mutation]
  1372 | D:2      | Reached skill level 1 in Fighting
  1460 | D:2      | Reached XP level 4. HP: 35/38 MP: 7/7
  1720 | D:2      | Noticed Natasha
  1737 | D:2      | Killed Natasha
  1737 | D:2      | Reached skill level 4 in Fire Magic
  1741 | D:2      | Noticed Natasha
  1742 | D:2      | Killed from afar by Natasha

Skill      XL: |  1  2  3  4 |
---------------+-------------+-----
Fighting       | 1 |  1.3
Dodging        | 2 |  2.0
Fire Magic     | 4 |  4.0
Armour         | |  0.7
Stealth        | |  3.0
Spellcasting   | |  2.2
Conjurations   | |  1.8

Action                   |  1- 3 |  4- 6 || total
-------------------------+-------+-------++-------
Melee: Short sword       |    60 |    11 ||    71
 Cast: Flame Tongue      |    33 |    17 ||    50
 Abil: Spit Poison       |     3 |     5 ||     8
  Use: Scroll            |     3 |     1 ||     4
       Potion            |     2 |       ||     2
 Stab: Sleeping          |     9 |     1 ||    10
  Eat: Chunk             |     2 |     1 ||     3
Armor: Robe              |    16 |     8 ||    24
       Ring mail         |     6 |       ||     6
Dodge: Dodged            |    29 |     6 ||    35
